 Dungeon Crawl Stone Soup version 0.21.1-1-g345015f (webtiles) character file.

81 microfolk the Ruffian (level 4, 0/35 HPs)
             Began as a Draconian Transmuter on May 4, 2018.
             Succumbed to kobold's curare-tipped needle
             ... on level 3 of the Dungeon.
             The game lasted 00:05:02 (2212 turns).

microfolk the Ruffian (Draconian Transmuter)        Turns: 2212, Time: 00:05:02

Health: 0/35       AC:  6    Str: 12    XL:     4   Next: 19%
Magic:  4/8        EV: 12    Int: 15    God:
Gold:   126        SH:  0    Dex: 11    Spells: 2/8 levels left

rFire    . . .     SeeInvis .     - Unarmed
rCold    . . .     Gourm    .   (no shield)
rNeg     . . .     Faith    .   (armour unavailable)
rPois    .         Spirit   .   (helmet restricted)
rElec    .         Reflect  .   f - +0 cloak
rCorr    .         Harm     .   (no gloves)
MR       .....                  (no boots)
Stlth    +.........             (no amulet)
HPRegen  0.11/turn              (no ring)
MPRegen  0.11/turn              (no ring)

@: lethally poisoned (0 -> -31), very slightly contaminated, hasted and slowed
A: unfitting armour, cold-blooded, AC +5
a: no special abilities


You were on level 3 of the Dungeon.
You were not hungry.

You visited 1 branch of the dungeon, and saw 3 of its levels.

You collected 126 gold pieces.

Inventory:

Missiles
 a - 8 arrows
 k - 16 stones (quivered)
Armour
 f - a +0 cloak (worn)
 r - a +0 pair of gloves
Jewellery
 m - an uncursed ring of protection from fire {unknown}
 s - a +5 ring of strength {unknown}
 t - an uncursed ring of flight {unknown}
Scrolls
 g - a scroll of amnesia {unknown}
 i - a scroll of fear {unknown}
 n - 2 scrolls of immolation
 q - a scroll of magic mapping {unknown}
Potions
 d - a potion of brilliance
 h - a potion of cancellation {unknown}
 j - 2 potions of flight
 l - a potion of agility {unknown}
 o - a potion of lignification {unknown}
Books
 b - a book of Changes

   Spells                             Type                      Level
   a - Beastly Appendage              Transmutation                1
   b - Sticks to Snakes               Transmutation                2
   c - Spider Form                    Transmutation/Poison         3
   d - Ice Form                       Ice/Transmutation            4
   e - Blade Hands                    Transmutation                5
Comestibles
 c - 3 rations
 p - 2 chunks of flesh


   Skills:
 - Level 1.1 Fighting
 + Level 2.5 Dodging
 + Level 3.6 Unarmed Combat
 + Level 2.6 Spellcasting
 + Level 2.8 Transmutations


You had 2 spell levels left.
You knew the following spells:

 Your Spells              Type           Power        Failure   Level  Hunger
a - Beastly Appendage     Tmut           ##....       6%          1    #......
b - Sticks to Snakes      Tmut           ##......     10%         2    ##.....
c - Spider Form           Tmut/Pois      #.........   34%         3    ###....


Dungeon Overview and Level Annotations

Branches:
Dungeon (3/15)

Altars:
Gozag


Innate Abilities, Weirdness & Mutations

Your plain brown scales are hard. (AC +5)
You cannot fit into any form of body armour.
You are cold-blooded and may be slowed by cold attacks.


Message History

You feel a strange surge of energy!
You feel sick.
Casting: Sticks to Snakes
Confirm with . or Enter, or press ? or * to list all spells.
You create a snake!
You now have 8 arrows.
You feel sick.
The kobold shoots a curare-tipped needle.
The curare-tipped needle hits you.
You are lethally poisoned!
You have difficulty breathing.
You feel as though you will be slow longer.
You feel sick.
The kobold shoots a curare-tipped needle.
The curare-tipped needle barely misses you.
The kobold shoots a curare-tipped needle.
The curare-tipped needle hits you.
You are more poisoned.
You have difficulty breathing.
* * * LOW HITPOINT WARNING * * *
You feel as though you will be slow longer.
It was a potion of haste.
You feel yourself speed up.
You die...

#.# #.# ##### #.#
##...## #.# ##.....##
###.#######
#.......######..........
#.........)....#.#######
#...<...#######...##
##.....## #@....#
##...## ##.S.## ##.##
##(## #.# #K# #.# #(#
#.# #'# <.. .K. .$...
...>...


You could see a kobold and a friendly ball python.

Vanquished Creatures
  An adder (D:2)
  3 dart slugs
  3 leopard geckos
  2 orcs
  7 bats
  3 giant cockroaches (D:2)
  8 goblins
  4 hobgoblins
  4 jackals (D:1)
  2 quokkas (D:2)
  A frilled lizard (D:1)
  2 kobolds (D:1)
  5 rats
45 creatures vanquished.

Vanquished Creatures (collateral kills)
  An adder (D:2)
  A worm (D:2)
2 creatures vanquished.

Grand Total: 47 creatures vanquished

Notes
Turn   | Place    | Note
-------+----------+-------------------------------------------
     0 | D:1      | microfolk the Draconian Transmuter began the quest for the Orb.
     0 | D:1      | Reached XP level 1. HP: 16/16 MP: 3/3
   315 | D:1      | Reached XP level 2. HP: 22/23 MP: 3/5
   319 | D:1      | Learned a level 2 spell: Sticks to Snakes
   952 | D:2      | Reached XP level 3. HP: 28/28 MP: 4/6
   957 | D:2      | Learned a level 3 spell: Spider Form
  1652 | D:2      | Reached XP level 4. HP: 32/35 MP: 1/7
  2008 | D:2      | Found an opulent altar of Gozag.
  2212 | D:3      | Succumbed to kobold's curare-tipped needle

Skill      XL: |  1 |
---------------+----+-----
Dodging        | 2 |  2.5
Fighting       | |  1.1
Unarmed Combat | |  3.6
Spellcasting   | |  2.6
Transmutations | |  2.8

Action                   |  1- 3 |  4- 6 || total
-------------------------+-------+-------++-------
Melee: Unarmed           |   128 |    27 ||   155
       Tailslap          |    10 |     3 ||    13
       Kick              |     5 |     5 ||    10
       Headbutt          |     7 |     2 ||     9
Throw: Stone             |     4 |     3 ||     7
 Cast: Beastly Appendage |    27 |     8 ||    35
       Sticks to Snakes  |     3 |     1 ||     4
  Use: Scroll            |     1 |     2 ||     3
       Potion            |       |     1 ||     1
 Stab: Sleeping          |     1 |       ||     1
       Distracted        |     1 |       ||     1
  Eat: Chunk             |     3 |     2 ||     5
Armor: Skin              |    44 |     6 ||    50
Dodge: Dodged            |    77 |    21 ||    98
